 Dungeon Sprint DCSS version 0.22-a0-42-g002c468 (webtiles) character file.

117332 theanonym the Conqueror (level 16, -13/300 HPs)
             Began as a Deep Dwarf Fighter on Jan 5, 2018.
             Was the Champion of Makhleb.
             Mangled by Antaeus
             ... wielding the +8 hand axe of the Eel {chop, Dex+4 SInv}
              (15 damage)
             ... in the Dungeon (Sprint V: "Ziggurat Sprint").
             The game lasted 00:14:51 (929 turns).

theanonym the Conqueror (Deep Dwarf Fighter)         Turns: 929, Time: 00:14:51

Health: -13/300    AC: 39    Str: 32    XL:     16   Next: 23%
Magic:  9/26       EV: 11    Int: 12    God:    Makhleb [******]
Gold:   0          SH: 33    Dex: 12    Spells: 9/25 levels left

rFire    + + +     SeeInvis +   u - +14 obsidian axe {chop, +Fly SInv *Curse} (curse)
rCold    + + .     Gourm    .   l - +18 shield of the Gong {rElec rN+ MR+ EV-5}
rNeg     + + +     Faith    .   g - +15 Maxwell's patent armour {-Cast -Tele rElec MR+ rCorr}
rPois    +         Spirit   .   (no helmet)
rElec    +         Reflect  .   I - +2 cloak of the Thief {+Fog Slay-2 SInv Stlth+}
rCorr    +         Harm     .   J - +0 pair of gloves {archery}
MR       +++++     NoTele   +   (no boots) Stlth ..........NoCast +
                                L - macabre finger necklace {rN+}
HPRegen  0.00/turn              D - ring of protection from cold {rC+}
MPRegen  0.20/turn              K - ring of Vikkow {-Tele rF++ MR+ Stlth+}
                                N - ring of the Mage {Wiz MR++ Int+3}

@: mighty, berserking (expiring), liquid flames, resistant, mesmerised,
non-regenerating, hasted (expiring), glowing, studying 2 skills, very quick
A: damage resistance, heal wounds, negative energy resistance 1, sense
surroundings 2, no regeneration
a: Heal Wounds, Minor Destruction, Lesser Servant of Makhleb, Major Destruction,
Greater Servant of Makhleb, Renounce Religion, Evoke Fog, Evoke Flight


Innate Abilities, Weirdness & Mutations

You are resistant to damage.
You can heal yourself by infusing magical energy.
You resist negative energy. (rN+)
You passively map the area around you.
You do not regenerate.


   Skills:
 O Level 27 Fighting
 - Level 18.0 Axes
 - Level 20.0 Armour
 - Level 15.0 Dodging
 - Level 15.1 Shields
 - Level 5.4 Spellcasting
 + Level 20.5 Necromancy
 - Level 15.5 Invocations


You had 9 spell levels left.
You knew the following spells:

 Your Spells              Type           Power        Failure   Level  Hunger
a - Necromutation         Tmut/Necr      ####......   100%        8    #######
b - Borgnjor's Revivific  Necr           ######....   36%         8    #######

Skill      XL: |  1  2  3  4  5  6  7  8  9 10 11 12 13 14 15 |
---------------+----------------------------------------------+-----
Axes           | 8 10 11 12 13 14 16 18 | 18.0
Fighting       | 4 5 6 7 8 9 11 14 16 19 22 27 | 27.0
Armour         | 5 6 7 8 9 11 13 15 17 19 20 | 20.0
Shields        | 5 6 7 8 10 11 13 15 | 15.1
Dodging        | 3 9 13 15 | 15.0
Invocations    | 9 15 | 15.5
Spellcasting   | 5 |  5.4
Necromancy     | 10 20 | 20.5

Action                   |  1- 3 |  4- 6 |  7- 9 | 10-12 | 13-15 | 16-18 || total
-------------------------+-------+-------+-------+-------+-------+-------++-------
Melee: Broad axe         |     3 |    14 |    34 |    82 |   196 |     8 ||   337
 Abil: Heal Wounds       |       |       |       |     1 |     7 |       ||     8
  Use: Potion            |     1 |       |     1 |       |     5 |       ||     7
       Scroll            |       |       |     1 |     2 |       |       ||     3
 Stab: Distracted        |       |       |       |     2 |     5 |       ||     7
Armor: Plate armour      |     2 |     1 |    17 |    50 |   194 |     8 ||   272
Dodge: Dodged            |       |       |     1 |    12 |    81 |     2 ||    96
Block: Shield            |     4 |    16 |    55 |   151 |   477 |    14 ||   717
       Reflection        |       |       |       |    21 |     6 |       ||    27

Inventory:

Hand Weapons
 u - the cursed +14 obsidian axe (weapon) {chop, +Fly SInv *Curse}
   (You found it in the Dungeon)

   It inflicts extra damage upon your enemies.
   It lets you see invisible.
   It lets you fly.
   It curses itself when equipped.
   It has a curse placed upon it.
Armour
 g - the +15 Maxwell's patent armour (worn) {-Cast -Tele rElec MR+ rCorr}
   (You found it in the Dungeon)

   It insulates you from electricity.
   It affects your resistance to hostile enchantments.
   It prevents spellcasting.
   It prevents most forms of teleportation.
   It protects you from acid and corrosion.
 l - the +18 shield of the Gong (worn) {rElec rN+ MR+ EV-5}
   (You found it in the Dungeon)

   It affects your evasion (-5).
   It insulates you from electricity.
   It protects you from negative energy.
   It affects your resistance to hostile enchantments.
 I - the +2 cloak of the Thief (worn) {+Fog Slay-2 SInv Stlth+}
   (You found it in the Dungeon)

   It affects your accuracy and damage with ranged weapons and melee attacks
   (-2).
   It lets you see invisible.
   It makes you more stealthy.
 J - a +0 pair of gloves of archery (worn)
   (You found it in the Dungeon)
Jewellery
 y - the ring "Virazipo" {rF+ Dex+4 SInv}
   (You found it in the Dungeon)

   [ring of see invisible]

   It affects your dexterity (+4).
   It protects you from fire.
   It lets you see invisible.
 D - a ring of protection from cold (left hand) {rC+}
   (You found it in the Dungeon)
 F - the ring "Duirac" {rF+ rN+}
   (You found it in the Dungeon)

   [ring of protection from fire]

   It protects you from fire.
   It protects you from negative energy.
 K - the ring of Vikkow (right hand) {-Tele rF++ MR+ Stlth+}
   (You found it in the Dungeon)

   [ring of stealth]

   It greatly protects you from fire.
   It affects your resistance to hostile enchantments.
   It prevents most forms of teleportation.
   It makes you more stealthy.
 L - the macabre finger necklace (around neck) {rN+}
   (You found it in the Dungeon)

   [amulet of nothing]

   It protects you from negative energy.
 N - the ring of the Mage (on amulet) {Wiz MR++ Int+3}
   (You found it in the Dungeon)

   [ring of wizardry]

   It improves your spell success rate.
   It affects your intelligence (+3).
   It affects your resistance to hostile enchantments.
Wands
 a - a wand of disintegration (7)
   (You found it in the Dungeon)
 c - a wand of iceblast (7)
   (You found it in the Dungeon)
 v - a wand of acid (7)
   (You found it in the Dungeon)
Scrolls
 b - 4 scrolls of blinking
 f - 5 scrolls of fog
 r - 5 scrolls of identify
 t - 4 scrolls of amnesia
 x - 2 scrolls of holy word
 z - 5 scrolls of remove curse
 A - a scroll of fear
Potions
 d - 5 potions of might
 h - 4 potions of haste
 i - 7 potions of magic
 j - 2 potions of berserk rage
 k - 2 potions of brilliance
 m - 2 potions of invisibility
 p - 3 potions of resistance {rF+ rC+}
 q - 14 potions of heal wounds
 s - 5 potions of agility
 w - 9 potions of curing
Books
 B - a manual of Transmutations
   (You found it in the Dungeon)
 E - a Necronomicon
   (You found it in the Dungeon)
 M - a manual of Spellcasting
   (You found it in the Dungeon)
Miscellaneous
 o - a fan of gales
   (You found it in the Dungeon)
 C - 4 phantom mirrors
 G - a lamp of fire
   (You found it in the Dungeon)
Comestibles
 e - 7 rations You were in the Dungeon. You worshipped Makhleb. Makhleb was exalted by your worship. You were hungry. You visited 1 branch

Dungeon Overview and Level Annotations

Branches:
Dungeon (1/1)

Altars:
Ashenzari
Cheibriados
Dithmenos
Elyvilon
Fedhas
Gozag
Hepliaklqana
Kikubaaqudgha
Makhleb
Nemelex Xobeh
Okawaru
Qazlal
Ru
Sif Muna
Trog
Uskayaw
Vehumet
Wu Jian
Xom
Yredelemnul
Zin
The Shining One
Beogh
Jiyva
Lugonu

Annotations:
D Antaeus, Dispater, Mara

, , , ▓.....))
,,,▓..............
▓....).. , ,
▓...............▓.....)) ,
,,,
▓...............▓.......
,,
,▓...............▓.......
,,,
▓...............▓....... ,
, ▓.......R.[.....▓.......
, ▓.....CR&.......▓......©
▓....§2@R.......▓▓▓▓▓▓▓▓
▓....§@(§4......▓.....8© ,
,
,,▓.....(§........▓.)}.[)?
, ▓.......©.......▓..?.}})
▓▓▓▓▓▓▓▓▓▓▓▓▓▓▓▓▓....... ,
*, ,, , ▓....... , * , , ,
▓..))... ,, , , ,,
▓...()). , , , , ,▓....()(


You could see Antaeus, Dispater, 3 Maras, a balrug, theanonym's illusion and a
friendly rust devil.

Notes
Turn   | Place    | Note
-------+----------+-------------------------------------------
     0 | D        | Found the +6 Majin-Bo {vamp, Archmagi MP+6 Int+6}
     0 | D        | Found the +7 great mace "Firestarter" {inner flame, rF++}
     0 | D        | theanonym the Deep Dwarf Fighter began the quest for the Orb.
     0 | D        | Reached XP level 1. HP: 20/20 MP: 1/1
     0 | D        | Found a blossoming altar of Fedhas.
     1 | D        | Found a transporter.
     1 | D        | Found a viscous altar of Jiyva.
     1 | D        | Found an ancient bone altar of Kikubaaqudgha.
     1 | D        | Found a hazy altar of Hepliaklqana.
     1 | D        | Found a corrupted altar of Lugonu.
     1 | D        | Found an opulent altar of Gozag.
     1 | D        | Found a burning altar of Makhleb.
     3 | D        | Found a stormy altar of Qazlal.
     3 | D        | Found a sacrificial altar of Ru.
     3 | D        | Found an iron altar of Okawaru.
     3 | D        | Found a deep blue altar of Sif Muna.
     3 | D        | Found a sparkling altar of Nemelex Xobeh.
     3 | D        | Found a bloodstained altar of Trog.
     8 | D        | Found the +9 heavy crossbow "Sniper" {velocity, Acc+∞ SInv}
     8 | D        | Found the +10 dark maul {crush}
     8 | D        | Found the +15 Maxwell's patent armour {-Cast -Tele rElec MR+ rCorr}
     8 | D        | Found the +18 shield of the Gong {rElec rN+ MR+ EV-5}
     8 | D        | Found the cursed +14 obsidian axe {chop, +Fly SInv *Curse}
    56 | D        | Reached skill level 8 in Axes
    56 | D        | Reached XP level 2. HP: 27/27 MP: 2/2
    65 | D        | Became a worshipper of Makhleb the Destroyer
    68 | D        | Found the +6 shillelagh "Devastator" {shatter}
    68 | D        | Found the +11 plutonium sword {*Contam Stlth-}
    68 | D        | Found the +8 lance "Wyrmbane" {slay drac, rPois rF+ rC+ AC+3}
    68 | D        | Found the +9 sword of Zonguldrok {reap}
    68 | D        | Found the cursed +13 scythe of Curses {drain, *Curse}
    68 | D        | Found the +0 sword of Power
    68 | D        | Found the -4 mace of Variability {chaos}
    68 | D        | Found the +7 Singing Sword
    68 | D        | Found the +7 longbow "Piercer" {penet, EV-2}
    73 | D        | Entered arena 2.
    73 | D        | Noticed a tarantella
    73 | D        | Noticed a scorpion
    73 | D        | Found a transporter.
    76 | D        | Killed a tarantella
    76 | D        | Reached skill level 4 in Fighting
    76 | D        | Reached skill level 10 in Axes
    76 | D        | Reached skill level 5 in Armour
    76 | D        | Reached skill level 5 in Shields
    76 | D        | Reached XP level 3. HP: 37/37 MP: 3/3
    76 | D        | Reached XP level 4. HP: 45/45 MP: 4/4
    76 | D        | Reached XP level 5. HP: 51/51 MP: 5/5
    88 | D        | Entered arena 3.
    88 | D        | Found a transporter.
    91 | D        | Reached * piety under Makhleb
    91 | D        | Reached skill level 5 in Fighting
    91 | D        | Reached skill level 6 in Armour
    91 | D        | Reached skill level 6 in Shields
    91 | D        | Reached skill level 11 in Axes
   105 | D        | Entered arena 4.
   105 | D        | Noticed a necrophage
   105 | D        | Noticed a phantom
   105 | D        | Found a transporter.
   107 | D        | Reached ** piety under Makhleb
   108 | D        | Killed a necrophage
   108 | D        | Reached XP level 6. HP: 61/61 MP: 6/6
   113 | D        | Reached *** piety under Makhleb
   113 | D        | Reached skill level 12 in Axes
   113 | D        | Reached skill level 7 in Armour
   113 | D        | Reached skill level 7 in Shields
   119 | D        | Entered arena 5.
   119 | D        | Found a transporter.
   123 | D        | Reached skill level 6 in Fighting
   123 | D        | Reached XP level 7. HP: 69/69 MP: 7/7
   125 | D        | Killed Erica
   129 | D        | Reached **** piety under Makhleb
   141 | D        | Entered arena 6.
   141 | D        | Noticed a flying skull
   141 | D        | Found a transporter.
   145 | D        | Killed a flying skull
   145 | D        | Reached skill level 8 in Armour
   145 | D        | Reached skill level 8 in Shields
   146 | D        | Reached skill level 13 in Axes
   146 | D        | Reached ***** piety under Makhleb
   151 | D        | Got the ring "Duirac" {rF+ rN+}
   155 | D        | Entered arena 7.
   155 | D        | Noticed a hippogriff
   155 | D        | Noticed a merfolk
   155 | D        | Noticed a hippogriff
   155 | D        | Noticed a hippogriff
   156 | D        | Found a transporter.
   157 | D        | Killed Eustachio
   159 | D        | Killed a hippogriff
   159 | D        | Reached skill level 7 in Fighting
   159 | D        | Killed a hippogriff
   159 | D        | Reached XP level 8. HP: 80/80 MP: 8/8
   164 | D        | Killed a hippogriff
   164 | D        | Reached skill level 14 in Axes
   164 | D        | Reached skill level 9 in Armour
   164 | D        | Reached skill level 9 in Shields
   165 | D        | Killed a merfolk
   169 | D        | Got the ring "Virazipo" {rF+ Dex+4 SInv}
   176 | D        | Entered arena 8.
   177 | D        | Found a transporter.
   180 | D        | Reached skill level 8 in Fighting
   181 | D        | Reached ****** piety under Makhleb
   191 | D        | Entered arena 9.
   192 | D        | Found a transporter.
   195 | D        | Reached skill level 10 in Shields
   195 | D        | Gained mutation: You passively map the area around you. [Deep Dwarf growth]
   195 | D        | Reached XP level 9. HP: 90/90 MP: 9/9
   195 | D        | Reached skill level 10 in Armour
   196 | D        | Reached skill level 15 in Axes
   206 | D        | Entered arena 10.
   206 | D        | Noticed a vault guard
   206 | D        | Noticed a vault guard
   206 | D        | Noticed a yaktaur
   206 | D        | Noticed a vault guard
   206 | D        | Noticed a vault sentinel
   206 | D        | Noticed a vault warden
   206 | D        | Noticed a flayed ghost
   206 | D        | Noticed a vault guard
   207 | D        | Found the brooch of Shielding {Reflect SH+8}
   210 | D        | Found a transporter.
   217 | D        | Killed a vault guard
   217 | D        | Reached skill level 9 in Fighting
   219 | D        | Killed a vault warden
   219 | D        | Reached skill level 16 in Axes
   219 | D        | Reached skill level 11 in Armour
   219 | D        | Reached skill level 11 in Shields
   220 | D        | Killed a vault guard
   220 | D        | Reached XP level 10. HP: 95/102 MP: 10/10
   222 | D        | Killed a flayed ghost
   222 | D        | Reached skill level 10 in Fighting
   222 | D        | Reached skill level 17 in Axes
   224 | D        | Killed a vault guard
   224 | D        | Reached skill level 12 in Armour
   224 | D        | Reached skill level 12 in Shields
   229 | D        | Killed a vault guard
   231 | D        | Killed a vault sentinel
   253 | D        | Learned a level 8 spell: Necromutation
   254 | D        | Entered arena 11.
   254 | D        | Noticed a mummy priest
   255 | D        | Found the +2 cloak of the Thief {+Fog Slay-2 SInv Stlth+}
   255 | D        | Found a transporter.
   264 | D        | Reached skill level 18 in Axes
   265 | D        | Killed a mummy priest
   265 | D        | Reached skill level 11 in Fighting
   265 | D        | Reached skill level 13 in Armour
   265 | D        | Reached skill level 13 in Shields
   280 | D        | Entered arena 12.
   281 | D        | HP: 42/103 [??? (20)]
   282 | D        | Found a transporter.
   285 | D        | Reached XP level 11. HP: 43/109 MP: 11/11
   300 | D        | Got the ring "Utwusoeh" {Ice rPois Int+4}
   313 | D        | Got the amulet of the Coward {Inacc rElec rC+}
   317 | D        | Entered arena 13.
   317 | D        | Noticed a stone giant
   317 | D        | Noticed a merfolk javelineer
   318 | D        | Noticed a stone giant
   318 | D        | Noticed a stone giant
   318 | D        | Noticed a deep elf master archer
   318 | D        | Noticed a centaur warrior
   318 | D        | Noticed a stone giant
   319 | D        | Found a transporter.
   319 | D        | HP: 47/110 [deep elf master archer/arrow (19)]
   322 | D        | Killed a stone giant
   322 | D        | Reached skill level 12 in Fighting
   322 | D        | Reached skill level 14 in Shields
   324 | D        | Killed a centaur warrior
   324 | D        | Reached skill level 14 in Armour
   326 | D        | HP: 3/112 [stone giant (23)]
   327 | D        | Killed a deep elf master archer
   329 | D        | Killed a stone giant
   329 | D        | Reached skill level 13 in Fighting
   329 | D        | Reached skill level 15 in Armour
   329 | D        | Reached skill level 15 in Shields
   329 | D        | Killed a stone giant
   330 | D        | Killed a stone giant
   330 | D        | Reached skill level 2 in Dodging
   330 | D        | Reached skill level 3 in Dodging
   331 | D        | Reached skill level 14 in Fighting
   331 | D        | Reached XP level 12. HP: 97/126 MP: 12/12
   336 | D        | Killed a merfolk javelineer
   336 | D        | Reached skill level 16 in Armour
   336 | D        | Reached skill level 4 in Dodging
   341 | D        | Got the ring "Noiggar" {-Tele Str+6 Stlth-}
   437 | D        | Killed Terence
   492 | D        | Entered arena 14.
   493 | D        | Noticed a great orb of eyes
   494 | D        | Noticed an acid blob
   495 | D        | Found a transporter.
   499 | D        | Killed a great orb of eyes
   502 | D        | Reached skill level 5 in Dodging
   508 | D        | Killed an acid blob
   508 | D        | Reached skill level 15 in Fighting
   508 | D        | Reached skill level 6 in Dodging
   516 | D        | Got the amulet of Iclecw {Inacc Fragile MR++}
   521 | D        | Entered arena 15.
   522 | D        | Noticed an eight-headed hydra
   524 | D        | Found a transporter.
   527 | D        | Reached skill level 7 in Dodging
   537 | D        | Killed a 13-headed hydra
   537 | D        | Reached skill level 17 in Armour
   546 | D        | Got the ring "Zibluet" {*Drain rN+ MR++ Int+4 Stlth-}
   556 | D        | Entered arena 16.
   557 | D        | Noticed a black draconian
   557 | D        | Noticed a green draconian
   557 | D        | Noticed a yellow draconian
   557 | D        | Noticed a black draconian
   557 | D        | Noticed a red draconian
   557 | D        | Noticed a red draconian
   557 | D        | Noticed a green draconian
   558 | D        | Noticed a storm dragon
   558 | D        | Noticed a green draconian
   558 | D        | Noticed a green draconian
   558 | D        | Noticed a yellow draconian
   558 | D        | Noticed a yellow draconian
   558 | D        | Noticed a red draconian
   559 | D        | Found a transporter.
   565 | D        | HP: 62/133 [green draconian/long sword (8)]
   566 | D        | Killed a black draconian
   566 | D        | Reached skill level 8 in Dodging
   568 | D        | HP: 26/133 [green draconian/dire flail (9)]
   570 | D        | Killed a red draconian
   570 | D        | Reached skill level 16 in Fighting
   571 | D        | Killed a yellow draconian
   572 | D        | Reached skill level 9 in Dodging
   573 | D        | Killed a green draconian
   573 | D        | HP: 56/135 [poisoned by a green draconian]
   574 | D        | Killed a yellow draconian
   575 | D        | Killed a yellow draconian
   575 | D        | Reached XP level 13. HP: 83/142 MP: 13/13
   577 | D        | Killed a red draconian
   577 | D        | Reached skill level 17 in Fighting
   577 | D        | Reached skill level 10 in Dodging
   578 | D        | Killed a green draconian
   579 | D        | HP: 68/144 [storm dragon/bolt of lightning (7)]
   582 | D        | Killed a black draconian
   582 | D        | Reached skill level 18 in Armour
   584 | D        | HP: 30/145 [poisoned by a green draconian]
   586 | D        | Killed a green draconian
   588 | D        | Killed a storm dragon
   588 | D        | Reached skill level 11 in Dodging
   589 | D        | HP: 64/146 [green draconian/scimitar (2)]
   590 | D        | Killed a green draconian
   594 | D        | HP: 70/146 [poisoned by a green draconian]
   595 | D        | Killed a red draconian
   595 | D        | Reached skill level 18 in Fighting
   608 | D        | Entered arena 17.
   611 | D        | Noticed a spark wasp
   611 | D        | Noticed an entropy weaver
   611 | D        | Noticed an entropy weaver
   612 | D        | Noticed a ghost moth
   613 | D        | Found a transporter.
   623 | D        | Killed an entropy weaver
   624 | D        | Killed a spark wasp
   624 | D        | Reached skill level 12 in Dodging
   625 | D        | Killed an entropy weaver
   628 | D        | Killed a ghost moth
   628 | D        | Reached skill level 19 in Armour
   636 | D        | Reached skill level 19 in Fighting
   640 | D        | Got the ring of Vikkow {-Tele rF++ MR+ Stlth+}
   658 | D        | Entered arena 18.
   661 | D        | Noticed a red draconian
   661 | D        | Noticed a yellow draconian
   661 | D        | Noticed a white draconian
   661 | D        | Noticed a white draconian
   661 | D        | Noticed a red draconian
   661 | D        | Noticed a red draconian
   661 | D        | Noticed a purple draconian scorcher
   661 | D        | Noticed a yellow draconian
   661 | D        | Noticed a purple draconian
   662 | D        | Noticed a red draconian
   662 | D        | Noticed a yellow draconian
   662 | D        | Noticed a black draconian
   662 | D        | Noticed a black draconian
   662 | D        | Noticed a black draconian
   662 | D        | Noticed a purple draconian
   662 | D        | Noticed a red draconian
   662 | D        | Noticed a green draconian
   662 | D        | Noticed a purple draconian
   663 | D        | Found a transporter.
   672 | D        | Killed a purple draconian scorcher
   672 | D        | Reached skill level 3 in Invocations
   676 | D        | Killed a white draconian
   676 | D        | Reached skill level 13 in Dodging
   676 | D        | Reached skill level 5 in Invocations
   678 | D        | Killed a red draconian
   678 | D        | Reached skill level 6 in Invocations
   679 | D        | Killed a yellow draconian
   680 | D        | Killed a black draconian
   680 | D        | Reached skill level 7 in Invocations
   680 | D        | Killed a yellow draconian
   680 | D        | Reached skill level 8 in Invocations
   681 | D        | Killed a red draconian
   681 | D        | Killed a red draconian
   681 | D        | Reached skill level 9 in Invocations
   681 | D        | Gained mutation: You resist negative energy. (rN+) [Deep Dwarf growth]
   681 | D        | Reached XP level 14. HP: 160/160 MP: 6/21
   682 | D        | Reached skill level 10 in Invocations
   689 | D        | Reached skill level 20 in Fighting
   689 | D        | Reached skill level 14 in Dodging
   689 | D        | Reached skill level 11 in Invocations
   691 | D        | Reached skill level 20 in Armour
   691 | D        | Reached skill level 12 in Invocations
   702 | D        | Reached skill level 13 in Invocations
   719 | D        | Entered arena 19.
   723 | D        | Noticed a stone giant
   724 | D        | Found a transporter.
   726 | D        | Reached skill level 1 in Spellcasting
   730 | D        | Reached skill level 2 in Spellcasting
   731 | D        | Reached skill level 14 in Invocations
   733 | D        | Reached skill level 15 in Dodging
   738 | D        | Reached skill level 3 in Spellcasting
   738 | D        | Reached skill level 1 in Necromancy
   744 | D        | Reached skill level 2 in Necromancy
   745 | D        | Killed a stone giant
   745 | D        | Reached skill level 21 in Fighting
   745 | D        | Reached skill level 4 in Spellcasting
   753 | D        | Reached skill level 15 in Invocations
   761 | D        | Got the amulet of Vajaog {+Rage rElec}
   768 | D        | Entered arena 20.
   773 | D        | Noticed a tentacled monstrosity
   773 | D        | Noticed a green draconian stormcaller
   774 | D        | Found the macabre finger necklace {rN+}
   774 | D        | Found the ring of the Mage {Wiz MR++ Int+3}
   774 | D        | Noticed an Orb Guardian
   774 | D        | Noticed an Orb Guardian
   774 | D        | Noticed a death cob
   775 | D        | Found a transporter.
   783 | D        | Killed a tentacled monstrosity
   783 | D        | Reached skill level 5 in Spellcasting
   783 | D        | Reached skill level 4 in Necromancy
   783 | D        | HP: 78/165 [purple draconian/bolt of dispelling energy (45)]
   785 | D        | Reached skill level 5 in Necromancy
   786 | D        | Killed an Orb Guardian
   786 | D        | Reached skill level 6 in Necromancy
   791 | D        | HP: 80/166 [green draconian stormcaller/divine providence (13)]
   792 | D        | Reached skill level 7 in Necromancy
   793 | D        | Reached skill level 22 in Fighting
   794 | D        | Killed a green draconian stormcaller
   794 | D        | Reached skill level 8 in Necromancy
   795 | D        | Reached skill level 9 in Necromancy
   796 | D        | HP: 74/169 [death cob (19)]
   801 | D        | HP: 59/169 [poisoned by a green draconian stormcaller]
   803 | D        | HP: 16/169 [Orb Guardian (36)]
   804 | D        | Killed a death cob
   804 | D        | Reached skill level 10 in Necromancy
   804 | D        | Reached XP level 15. HP: 42/177 MP: 26/26
   804 | D        | Reached skill level 23 in Fighting
   805 | D        | Reached skill level 11 in Necromancy
   808 | D        | Killed an Orb Guardian
   811 | D        | Reached skill level 12 in Necromancy
   852 | D        | Learned a level 8 spell: Borgnjor's Revivification
   861 | D        | Entered arena 21.
   861 | D        | Noticed Nessos
   861 | D        | Noticed Nergalle
   862 | D        | Noticed Gastronok
   863 | D        | Noticed Joseph
   864 | D        | Noticed Ignacio
   865 | D        | Noticed Purgy
   866 | D        | Noticed the Enchantress
   866 | D        | Killed Nergalle
   868 | D        | Noticed the Serpent of Hell
   868 | D        | Noticed Nikola
   868 | D        | Noticed Boris
   868 | D        | Noticed Rupert
   869 | D        | Noticed Saint Roka
   869 | D        | Noticed Dispater
   869 | D        | Killed Nessos
   870 | D        | Noticed a Hell Sentinel
   870 | D        | Noticed Dissolution
   871 | D        | Killed Purgy
   872 | D        | Noticed Asmodeus
   872 | D        | Killed Joseph
   873 | D        | Noticed Mara
   876 | D        | Noticed Antaeus
   878 | D        | Noticed a Brimstone Fiend
   879 | D        | Killed Gastronok
   880 | D        | Noticed a quicksilver dragon
   881 | D        | Killed Ignacio
   881 | D        | Reached skill level 24 in Fighting
   881 | D        | Reached skill level 13 in Necromancy
   883 | D        | Noticed theanonym's illusion
   884 | D        | Killed Rupert
   885 | D        | Noticed an iron dragon
   887 | D        | Killed the Enchantress
   887 | D        | Reached skill level 25 in Fighting
   887 | D        | Reached skill level 14 in Necromancy
   888 | D        | Killed Boris
   890 | D        | Killed Nikola
   890 | D        | Reached skill level 15 in Necromancy
   892 | D        | Noticed a storm dragon
   895 | D        | Killed Saint Roka
   899 | D        | Killed the Serpent of Hell
   899 | D        | Reached skill level 26 in Fighting
   899 | D        | Reached skill level 16 in Necromancy
   909 | D        | Killed Dissolution
   909 | D        | Reached skill level 17 in Necromancy
   913 | D        | HP: 137/283 [theanonym's illusion[Mara] (22)]
   921 | D        | Killed Asmodeus
   921 | D        | Reached skill level 27 in Fighting
   921 | D        | Reached skill level 20 in Necromancy
   921 | D        | Reached XP level 16. HP: 103/200 MP: 8/26
   923 | D        | HP: 78/300 [Dispater/iron shot (25)]
   925 | D        | HP: 31/300 [Antaeus/the +8 hand axe of the Eel {chop, Dex+4 SInv} (12)]
   925 | D        | HP: 6/300 [Dispater/golden staff (25)]
   929 | D        | HP: 2/300 [Antaeus/the +8 hand axe of the Eel {chop, Dex+4 SInv} (4)]
   929 | D        | Identified the +8 hand axe of the Eel {chop, Dex+4 SInv}
   929 | D        | Mangled by Antaeus

Vanquished Creatures
  Asmodeus (D)
  Dissolution (D)
  Ignacio (D)
  the Serpent of Hell (D)
  Boris (D)
  Saint Roka (D)
  Nikola (D)
  the Enchantress (D)
  Rupert (D)
  A tentacled monstrosity (D)
  An Orb Guardian (D)
  An acid blob (D)
  A death cob (D)
  A deep elf master archer (D)
  A storm dragon (D)
  A vault warden (D)
  A ghost moth (D)
  A draconian scorcher (D)
  A draconian stormcaller (D)
  4 stone giants (D)
  5 black draconians (D)
  2 entropy weavers (D)
  Nessos (D)
  7 purple draconians (D)
  4 white draconians (D)
  8 yellow draconians (D)
  7 green draconians (D)
  A spark wasp (D)
  9 red draconians (D)
  A merfolk javelineer (D)
  A mummy priest (D)
  An ettin (D)
  A great orb of eyes (D)
  2 vault guards (D)
  A hydra (D)
  An orc high priest (D)
  Nergalle (D)
  A flayed ghost (D)
  An orb spider (D)
  3 moths of wrath (D)
  A cyclops (D)
  A vault sentinel (D)
  A komodo dragon (D)
  A yaktaur (D)
  An ice devil (D)
  A demonic crawler (D)
  2 tormentors (D)
  2 jumping spiders (D)
  2 slime creatures (D)
  A hornet (D)
  3 hippogriffs (D)
  4 redbacks (D)
  A tarantella (D)
  2 wyverns (D)
  2 yaks (D)
  2 basilisks (D)
  7 water moccasins (D)
  5 orc warriors (D)
  3 phantoms (D)
  3 ogres (D)
  A necrophage (D)
  A wolf (D)
  3 centaurs (D)
  A crocodile (D)
  A bullfrog (D)
  A scorpion (D)
  2 wights (D)
  A crimson imp (D)
  4 jellies (D)
  2 orc priests (D)
  An orc wizard (D)
  2 iron imps (D)
  3 mummies (D)
  2 adders (D)
  2 shadow imps (D)
  An ooze (D)
  2 adder zombies (D)
  An adder simulacrum (D)
  2 orcs (D)
  2 bat skeletons (D)
  A jackal (D)
  3 ball pythons (D)
  A ball python zombie (D)
  A giant cockroach zombie (D)
167 creatures vanquished.

Vanquished Creatures (collateral kills)
  An Orb Guardian (D)
  Gastronok (D)
  A black draconian (D)
  A red draconian (D)
  2 yellow draconians (D)
  2 vault guards (D)
  An orc high priest (D)
  2 orb spiders (D)
  A tormentor (D)
  A guardian mummy (D)
  A red devil (D)
  A merfolk (D)
  A troll (D)
  2 slime creatures (D)
  2 flying skulls (D)
  2 wargs (D)
  A porcupine (D)
  An ogre (D)
  A centaur (D)
  An iguana (D)
  A mummy (D)
  A shadow imp (D)
  An ooze (D)
29 creatures vanquished.

Vanquished Creatures (others)
  A black draconian (D)
  A stone giant (D)
  Erica (D)
  A centaur warrior (D)
  A cyclops (D)
  Joseph (D)
  A yaktaur (D)
  Eustachio (D)
  Purgy (D)
  Terence (D)
10 creatures vanquished.

Grand Total: 206 creatures vanquished

Table legend:
 A = Turns spent in this place as a percentage of turns spent in the entire game.
 B = Non-inter-level travel turns spent in this place as a percentage of non-inter-level travel turns spent in the entire game.
 C = Inter-level travel turns spent in this place as a percentage of turns spent in this place.
 D = Turns resting spent in this place as a percentage of non-inter-level travel turns spent in this place.
 E = Turns spent auto-exploring this place as a percentage of non-inter-level travel turns spent in this place.
 F = Non-inter-level travel turns spent in this place divided by the number of levels of this place that you've seen.
                   A       B       C       D       E      F
               +-------+-------+-------+-------+-------+----------------------
         Total | 100.0 | 100.0 |   0.0 |  15.7 |   0.3 | 929.0
       Dungeon | 100.0 | 100.0 |   0.0 |  15.7 |   0.3 | 929.0
               +-------+-------+-------+-------+-------+----------------------
